 Dungeon Crawl Stone Soup version 0.23-a0-8-gb809bb7 (webtiles) character file.

55249 Kuinu the Warrior (level 14, 0/138 HPs)
             Began as a Red Draconian Berserker on Aug 1, 2018.
             Was a High Priest of Trog.
             Slain by a spiny frog (12 damage)
             ... on level 6 of the Lair of Beasts.
             The game lasted 00:55:28 (19114 turns).

Kuinu the Warrior (Red Draconian Berserker)        Turns: 19114, Time: 00:55:29

Health: 0/138      AC: 15    Str: 27    XL:     14   Next: 37%
Magic:  14/14      EV: 17    Int:  9    God:    Trog [*****.]
Gold:   881        SH:  0    Dex: 10    Spells: 13/13 levels left

rFire    + . .     SeeInvis .   V - +4 triple sword (drain)
rCold    . . .     Gourm    .   (shield currently unavailable)
rNeg     . . .     Faith    .   (armour unavailable)
rPois    .         Spirit   .   O - +2 hat
rElec    .         Reflect  .   m - +0 cloak
rCorr    +         Harm     .   J - +2 pair of gloves {Str+3}
MR       +++..                  r - +0 pair of boots
Stlth    ..........             Y - amulet of the acrobat
HPRegen  1.33/turn              s - ring of resist corrosion
MPRegen  0.14/turn              A - ring of attention

@: confused, lethally poisoned (0 -> -6), short of breath, regenerating
A: breathe fire, unfitting armour, fire resistance 1, cold-blooded, AC +8
a: Breathe Fire, Berserk, Trog's Hand, Brothers in Arms, Renounce Religion


You were on level 6 of the Lair of Beasts.
You worshipped Trog.
Trog was extremely pleased with you.
You were not hungry.

You visited 2 branches of the dungeon, and saw 18 of its levels.

You collected 984 gold pieces.
You spent 103 gold pieces at shops.

Inventory:

Hand Weapons
 p - a +2 scimitar of holy wrath
 B - a +5 great sword
 R - a +0 trident of flaming
 U - the +10 quarterstaff of Mamich {freeze, +Inv rF+ Stlth+}
   (You found it on level 2 of the Lair of Beasts)

   It has been specially enchanted to freeze those struck by it, causing extra
   injury to most foes and up to half again as much damage against particularly
   susceptible opponents.
   It can also slow down cold-blooded creatures.
   It protects you from fire.
   It lets you turn invisible.
   It makes you more stealthy.
 V - a +4 triple sword of draining (weapon)
 Z - a +2 scimitar of protection
Armour
 m - a +0 cloak (worn)
 r - a +0 pair of boots (worn)
 v - a +0 buckler
 x - a +1 pair of gloves
 J - a +2 pair of gloves of strength (worn)
 O - a +2 hat (worn)
 T - a +1 pair of gloves
 X - a scarf of repulsion
Jewellery
 k - a +3 amulet of reflection {unknown}
 s - a ring of resist corrosion (left hand)
 w - an uncursed amulet of rage
 A - a ring of attention (right hand)
 Y - an amulet of the acrobat (around neck)
Wands
 n - a wand of scattershot (3)
 o - a wand of paralysis (10)
 t - a wand of polymorph (17)
 z - a wand of digging (38)
 C - a wand of acid (16)
 G - a wand of enslavement (32)
 Q - a wand of iceblast (6)
Scrolls
 a - a scroll of vulnerability {unknown}
 d - 2 scrolls of fog
 j - 9 scrolls of remove curse
 l - a scroll of noise {unknown}
 y - 2 scrolls of magic mapping
 H - a scroll of summoning {unknown}
 L - a scroll of brand weapon {unknown}
 M - a scroll of random uselessness {unknown}
Potions
 c - 3 potions of mutation
 f - a potion of invisibility
 h - 3 potions of agility
 i - a potion of brilliance
 D - 2 potions of cancellation
 F - 3 potions of lignification
 K - 2 potions of ambrosia
 N - a potion of magic {unknown}
 P - a potion of degeneration {unknown}
 S - a potion of flight {unknown}
Comestibles
 b - 35 rations
 g - 5 chunks of flesh


   Skills:
 * Level 16.9 Fighting
 * Level 15.7 Long Blades
 + Level 10.9 Dodging


You had 13 spell levels left.
You didn't know any spells.
Your spell library was empty.

Dungeon Overview and Level Annotations

Branches:
Dungeon (12/15)            Temple (0/1) D:6            Lair (6/6) D:11
  Swamp (0/4) Lair:2        Snake (0/4) Lair:2        Slime (0/5) Lair:5
    Orc (0/2) D:12

Altars:
Nemelex Xobeh
Okawaru
Uskayaw

Shops:
D:5 [   D:6 (

Annotations:
D:7 1 runed door, Verendum's ghost, novice HOMo
Lair:1 exclusion: 2 oklob plants
Lair:2 1 runed door, Ratty's ghost, journeyman MiBe
Lair:4 3 runed doors, Urec's ghost, journeyman OpWn
Lair:5 3 runed doors, exclusion: oklob plant, Orchof's ghost, journeyman GrFi; Xeddua's ghost, journeyman MiBe


Innate Abilities, Weirdness & Mutations

You can breathe blasts of fire.
Your fiery red scales are hard. (AC +8)
You cannot fit into any form of body armour.
Your flesh is heat resistant. (rF+)
You are cold-blooded and may be slowed by cold attacks.


Message History

You feel very sick. The spiny frog completely misses you.
Your skin crawls.
You feel resistant to hostile enchantments.
You feel quite a bit more hungry.
You feel very sick. The wolf spider hits you!
* * * LOW HITPOINT WARNING * * *
The wolf spider bites you!
* * * LOW HITPOINT WARNING * * *
The spiny frog barely misses you. The wolf spider hits you!!
* * * LOW HITPOINT WARNING * * *
The wolf spider barely misses you.
Okay, then.
Okay, then.
You are confused.
You feel invigorated.
You feel very sick. The spiny frog stings you!
You die...

###### ##....##
#...P..# #......##
#.SF@..###
##.s#....#
#..#.##...## P...
#..#.[##....### ....
#..##..##.....##....
:...#...##........#
#....##...##...P...
..... #....##.P..##
#.$(=$.##....##....#


You could see a wolf spider, a guardian serpent and a spiny frog.

Vanquished Creatures
  Gastronok (Lair:3)
  Kirke (Lair:5)
  Josephine (D:12)
  Harold (D:11)
  A death knight (D:12)
  3 hydras
  2 two-headed ogres
  Sonja (Lair:3)
  An unseen horror (D:10)
  4 ugly things
  2 manticores
  A wolf spider (Lair:6)
  2 cyclopes
  20 elephants
  3 black mambas
  A gargoyle (D:10)
  12 spiny frogs
  3 rime drakes
  A kobold demonologist (D:12)
  5 komodo dragons
  A troll (D:12)
  A queen bee (Lair:3)
  2 polar bears (Lair:5)
  2 tyrant leeches (Lair:6)
  A hornet (Lair:6)
  4 blink frogs
  12 hippogriffs
  25 yaks
  A water elemental (D:12)
  14 wyverns
  4 wraiths (D:12)
  4 hogs
  A human (D:7)
  2 hungry ghosts
  5 basilisks
  2 nagas (Lair:2)
  15 water moccasins
  11 orc warriors
  7 porcupines
  A swamp drake (D:11)
  4 ice beasts
  4 sky beasts
  3 black bears
  A necrophage (D:11)
  13 ogres
  21 wolves
  4 centaurs
  15 crocodiles
  2 big kobolds (D:9)
  13 bullfrogs
  3 scorpions
  39 killer bees
  5 electric eels
  9 wights
  A howler monkey (D:3)
  4 crimson imps
  A bullfrog zombie (D:12)
  2 centaur zombies
  A quasit (D:7)
  2 bullfrog skeletons
  2 hounds
  16 orc priests
  A gnoll shaman (D:9)
  6 jellies
  Crazy Yiuf (D:2)
  3 centaur skeletons
  3 iguanas
  12 orc wizards
  9 worker ants
  2 hell rats (Lair:1)
  A hound zombie (D:6)
  2 hound skeletons
  5 gnolls (D:9)
  A howler monkey skeleton (D:6)
  10 river rats (Lair:1)
  14 adders
  4 shadow imps
  2 oozes
  3 dart slugs
  11 leopard geckos
  51 orcs
  8 bats
  2 giant cockroaches
  7 hobgoblins
  17 jackals
  16 kobolds
  2 quokkas
  A ball python (D:3)
  3 frilled lizards
  7 goblins
  6 rats
  A plant (Lair:1)
557 creatures vanquished.

Vanquished Creatures (collateral kills)
  A catoblepas (Lair:6)
  A hydra (Lair:5)
  A black mamba (Lair:6)
  A spiny frog (Lair:6)
  A hippogriff (Lair:5)
  A wyvern (Lair:6)
  5 yaks (Lair:5)
  2 hogs (Lair:5)
  2 water moccasins (Lair:6)
15 creatures vanquished.

Vanquished Creatures (others)
  21 fungi
  37 plants
  3 withered plants (Lair:5)
61 creatures vanquished.

Grand Total: 633 creatures vanquished

Notes
Turn   | Place    | Note
-------+----------+-------------------------------------------
     0 | D:1      | Kuinu the Draconian Berserker began the quest for the Orb.
     0 | D:1      | Reached XP level 1. HP: 19/19 MP: 1/1
   190 | D:1      | Reached XP level 2. HP: 7/26 MP: 2/2
   192 | D:1      | HP: 1/26 [jackal (2)]
   649 | D:1      | Reached XP level 3. HP: 33/33 MP: 3/3
   845 | D:2      | Reached skill level 4 in Fighting
  1350 | D:2      | Reached ** piety under Trog
  1522 | D:2      | Found a runed door.
  1549 | D:2      | Reached XP level 4. HP: 40/40 MP: 4/4
  1718 | D:2      | Noticed Crazy Yiuf
  1722 | D:2      | Killed Crazy Yiuf
  1808 | D:3      | Found a faded altar of an unknown god.
  2243 | D:3      | Reached XP level 5. HP: 47/47 MP: 5/5
  2548 | D:4      | Reached skill level 5 in Fighting
  2550 | D:4      | Noticed an ogre
  2555 | D:4      | Killed an ogre
  2555 | D:4      | Reached XP level 6. HP: 56/56 MP: 6/6
  2793 | D:4      | Reached skill level 5 in Long Blades
  3170 | D:4      | Reached skill level 6 in Fighting
  3490 | D:5      | Entered Level 5 of the Dungeon
  3509 | D:5      | Your scales start taking on a fiery red colour.
  3509 | D:5      | Reached XP level 7. HP: 41/63 MP: 7/7
  3509 | D:5      | Gained mutation: Your flesh is heat resistant. (rF+) [Red Draconian growth]
  4110 | D:5      | Found Yzoaw's Antique Armour Shoppe.
  4118 | D:5      | Bought a pair of gloves for 103 gold pieces
  4221 | D:5      | You fall through a shaft!
  4261 | D:6      | Reached *** piety under Trog
  4302 | D:6      | Found Vedad's Antique Weapon Boutique.
  4343 | D:6      | Found a staircase to the Ecumenical Temple.
  4429 | D:6      | Noticed a two-headed ogre
  4436 | D:6      | Killed a two-headed ogre
  4436 | D:6      | Reached skill level 8 in Fighting
  4436 | D:6      | Reached skill level 5 in Dodging
  4436 | D:6      | Reached XP level 8. HP: 37/74 MP: 8/8
  5347 | D:6      | Found an iron altar of Okawaru.
  5658 | D:7      | Reached XP level 9. HP: 82/82 MP: 9/9
  5750 | D:7      | Reached skill level 9 in Fighting
  6176 | D:7      | Found a runed door.
  6178 | D:7      | Noticed Verendum's ghost (novice HOMo)
  6222 | D:7      | Reached **** piety under Trog
  6257 | D:7      | Reached skill level 10 in Fighting
  6888 | D:7      | Reached XP level 10. HP: 94/94 MP: 10/10
  7124 | D:8      | Reached skill level 10 in Long Blades
  7874 | D:9      | Noticed a two-headed ogre
  8127 | D:9      | Reached skill level 11 in Fighting
  8147 | D:9      | Reached ***** piety under Trog
  8197 | D:9      | Killed a two-headed ogre
  8784 | D:10     | Entered Level 10 of the Dungeon
  8955 | D:10     | Reached XP level 11. HP: 104/104 MP: 11/11
  8958 | D:10     | Reached skill level 12 in Fighting
  9090 | D:10     | Killed an unseen horror
  9407 | D:10     | Noticed a cyan ugly thing
  9410 | D:10     | Found a sparkling altar of Nemelex Xobeh.
  9423 | D:10     | Killed a cyan ugly thing
  9896 | D:11     | Found a staircase to the Lair.
 10044 | D:11     | Found a hide-covered altar of Uskayaw.
 10199 | D:11     | Noticed a brown ugly thing
 10214 | D:11     | Killed a brown ugly thing
 10275 | D:11     | Noticed Harold
 10294 | D:11     | Killed Harold
 10294 | D:11     | Reached skill level 13 in Fighting
 10574 | D:12     | Noticed Josephine
 10585 | D:12     | Killed Josephine
 10798 | D:12     | Received a gift from Trog
 10803 | D:12     | Reached XP level 12. HP: 87/115 MP: 12/12
 11414 | D:12     | Noticed a death knight
 11427 | D:12     | Killed a death knight
 11768 | D:12     | Reached skill level 14 in Fighting
 11957 | D:12     | Found a staircase to the Orcish Mines.
 12132 | Lair:1   | Entered Level 1 of the Lair of Beasts
 12254 | Lair:1   | Noticed an eight-headed hydra
 13215 | Lair:1   | Killed a ten-headed hydra
 13929 | Lair:2   | Noticed a six-headed hydra
 13936 | Lair:2   | Killed a seven-headed hydra
 14057 | Lair:2   | Noticed an eight-headed hydra
 14064 | Lair:2   | Killed a ten-headed hydra
 14064 | Lair:2   | Reached skill level 15 in Fighting
 14064 | Lair:2   | Reached XP level 13. HP: 126/126 MP: 13/13
 14401 | Lair:2   | Found a runed door.
 14401 | Lair:2   | Noticed Ratty's ghost (journeyman MiBe)
 14519 | Lair:2   | Got a crystal quarterstaff
 14522 | Lair:2   | Identified the +10 quarterstaff of Mamich {freeze, +Inv rF+ Stlth+} (You found it on level 2 of the Lair of Beasts)
 14534 | Lair:2   | Found a staircase to the Swamp.
 14583 | Lair:2   | Found a staircase to the Snake Pit.
 15053 | Lair:3   | Received a gift from Trog
 15068 | Lair:3   | Reached skill level 10 in Dodging
 15486 | Lair:3   | Noticed Sonja
 15497 | Lair:3   | Killed Sonja
 15846 | Lair:3   | Noticed Gastronok
 15858 | Lair:3   | Killed Gastronok
 16667 | Lair:4   | Noticed a minotaur
 16668 | Lair:4   | Noticed Urec's ghost (journeyman OpWn)
 16688 | Lair:4   | Found a runed gate.
 16689 | Lair:4   | Found a runed gate.
 16821 | Lair:4   | Reached skill level 16 in Fighting
 16896 | Lair:4   | Found a runed gate.
 17432 | Lair:5   | Noticed Kirke
 17501 | Lair:5   | Reached skill level 15 in Long Blades
 17543 | Lair:5   | Killed Kirke
 17649 | Lair:5   | Found a runed gate.
 17650 | Lair:5   | Found a runed gate.
 17651 | Lair:5   | Found a runed gate.
 17678 | Lair:5   | Received a gift from Trog
 17750 | Lair:5   | Reached XP level 14. HP: 120/138 MP: 14/14
 18092 | Lair:5   | Noticed Xeddua's ghost (journeyman MiBe)
 18092 | Lair:5   | Noticed Orchof's ghost (journeyman GrFi)
 18229 | Lair:5   | Found a staircase to the Slime Pits.
 18276 | Lair:6   | Entered Level 6 of the Lair of Beasts
 18694 | Lair:6   | HP: 6/138 [poisoned by a water moccasin]
 19114 | Lair:6   | Slain by a spiny frog

Vault maps used:
D:1:      wheals_arrival_shading, serial_glass, glass_columns_a,
          glass_columns_a, grunt_decor_clamped, minmay_misc_feat_room,
          minmay_hedge_maze
D:2:      first_ration, uniq_crazy_yiuf_cottage
D:3:      chequers_ecumenical_altar_simple
D:5:      serial_shops, shop, minmay_holes, kennysheep_pointless_box,
          wad_floor_pattern_1
D:6:      lemuel_doored_altar, temple_statues, serial_shops,
          nicolae_shop_temple_entry_statues_fountains
D:7:      ebering_ghost_reflecting_pool, grunt_livestock
D:8:      nrook_uturn
D:10:     lemuel_tele_altar
D:11:     erik_lair_dragon, basic_altar, minmay_misc_feat_ornament,
          grunt_ministairs_13, minmay_checkerbox, uniq_harold
D:12:     erik_orc_2, uniq_josephine
Lair:1:   kennysheep_rathole, grunt_megastairs_5, lemuel_fruit_fields,
          minmay_lair_oklob_chamber
Lair:2:   minmay_swamp_entry_reptiles, guppyfry_snake_entry_garden,
          hellmonk_ghost_happy_afterlife, minivault_27,
          cheibrodos_lair_reptile_den, lemuel_fruit_tree
Lair:3:   regret_index_tunnel_blossom, uniq_gastronok, uniq_sonja
Lair:4:   maelrawn_ghost_labyrinth_escape
Lair:5:   minmay_slime_entry_oklob_enclosed, gammafunk_ghost_cemetery,
          gammafunk_lair_bear_cave, uniq_kirke
Lair:6:   guppyfry_lair_end_dragon, hangedman_lair_tendril_chambers,
          worms_lemuel, serial_bayou_shore_b

Skill      XL: |  1  2  3  4  5  6  7  8  9 10 11 12 13 |
---------------+----------------------------------------+-----
Dodging        | 3 4 5 6 7 8 9 10 | 10.9
Fighting       | 4 5 6 8 10 11 13 15 16 | 16.9
Long Blades    | 4 5 7 8 9 11 12 14 15 | 15.7

Action                   |  1- 3 |  4- 6 |  7- 9 | 10-12 | 13-15 || total
-------------------------+-------+-------+-------+-------+-------++-------
Melee: Falchion          |    97 |   140 |   172 |       |       ||   409
       Tailslap          |    24 |    23 |    49 |    95 |    79 ||   270
       Whip              |    86 |       |       |       |       ||    86
       Great sword       |       |       |    65 |   569 |   135 ||   769
       Triple sword      |       |       |       |       |   251 ||   251
Invok: Berserk           |     3 |     4 |     8 |    21 |     4 ||    40
       Trog's Hand       |       |     1 |     2 |    13 |    13 ||    29
       Brothers in Arms  |       |       |       |       |     2 ||     2
 Abil: Breathe Fire      |       |       |     2 |     6 |     6 ||    14
Evoke: Wand              |       |       |       |       |     4 ||     4
  Use: Potion            |     2 |       |       |     9 |     6 ||    17
       Scroll            |     6 |     4 |     2 |    11 |     7 ||    30
 Stab: Sleeping          |       |     1 |       |       |       ||     1
       Petrifying        |       |       |       |       |     1 ||     1
       Petrified         |       |       |       |       |     1 ||     1
  Eat: Chunk             |     3 |     8 |     9 |    34 |    12 ||    66
       Ration            |     1 |       |     3 |     5 |     5 ||    14
Armor: Skin              |   111 |    57 |    84 |   215 |   196 ||   663
Dodge: Dodged            |   215 |    79 |   164 |   456 |   477 ||  1391
Block: Buckler           |       |       |     8 |       |       ||     8
       Rpst.: Falchion   |    33 |    24 |    24 |       |       ||    81
       Great sword       |       |       |    21 |   102 |    49 ||   172
       Triple sword      |       |       |       |       |    86 ||    86

Table legend:
 A = Spawn XP
 B = Non-spawn XP
 C = Spawn XP percentage of total XP
 D = Spawn monster count
 E = Non-spawn monster count
 F = Spawn count percentage of total count
 G = Total turns spent on level
                    A         B        C        D         E        F      G
               +---------+---------+-------+---------+---------+-------+---------
         Total |       0 |   78928 |   0.0 |       0 |     571 |   0.0 | 19114
               +---------+---------+-------+---------+---------+-------+---------
           D:1 |       0 |      44 |   0.0 |       0 |      24 |   0.0 |  1049
           D:2 |       0 |      98 |   0.0 |       0 |      23 |   0.0 |   720
           D:3 |       0 |      98 |   0.0 |       0 |      19 |   0.0 |   775
           D:4 |       0 |     470 |   0.0 |       0 |      16 |   0.0 |   946
           D:5 |       0 |     621 |   0.0 |       0 |      16 |   0.0 |  1148
           D:6 |       0 |    1398 |   0.0 |       0 |      13 |   0.0 |  1064
           D:7 |       0 |    3075 |   0.0 |       0 |      42 |   0.0 |  1374
           D:8 |       0 |    1167 |   0.0 |       0 |      24 |   0.0 |   789
           D:9 |       0 |    3373 |   0.0 |       0 |      44 |   0.0 |   919
          D:10 |       0 |    3175 |   0.0 |       0 |      30 |   0.0 |   970
          D:11 |       0 |    5846 |   0.0 |       0 |      35 |   0.0 |   875
          D:12 |       0 |    8331 |   0.0 |       0 |      56 |   0.0 |  1503
        Lair:1 |       0 |    4585 |   0.0 |       0 |      36 |   0.0 |  1326
        Lair:2 |       0 |   11138 |   0.0 |       0 |      40 |   0.0 |  1443
        Lair:3 |       0 |    9152 |   0.0 |       0 |      49 |   0.0 |  1343
        Lair:4 |       0 |    4041 |   0.0 |       0 |      21 |   0.0 |  1245
        Lair:5 |       0 |   11135 |   0.0 |       0 |      41 |   0.0 |   787
        Lair:6 |       0 |   11181 |   0.0 |       0 |      42 |   0.0 |   838
               +---------+---------+-------+---------+---------+-------+---------
